 Dungeon Crawl Stone Soup version 0.31.0-12-g77e489cdc1 (webtiles) character file.

Game seed: 5108494474296161759

741 Spindown the Sneak (level 7, -1/50 HPs)
             Began as an Octopode Brigand on Feb 26, 2024.
             Slain by a centaur (3 damage)
             ... on level 5 of the Dungeon.
             The game lasted 00:06:52 (4143 turns).

Spindown the Sneak (Octopode Brigand)               Turns: 4143, Time: 00:06:52

Health: -1/50      AC:  1    Str: 10    XL:     7   Next: 75%
Magic:  0/8        EV: 12    Int: 21    God:
Gold:   336        SH:  0    Dex: 14    Spells: 5/8 levels left

rFire   . .          .
                       - Unarmed
rCold   . . .        (no shield)
rNeg    . . .        (helmet currently unavailable)
rPois   .            n - amulet of guardian spirit
rElec   .            W - ring of willpower
rCorr   .            I - +6 ring of intelligence
SInv    .            (no ring)
Will    +....        (no ring)
Stlth   ++++         (no ring)
HPRegen 0.28/turn    (no ring)
MPRegen 0.11/turn    (no ring)
                     (no ring)

%: guardian spirit
@: beast-form
A: beast (slay +0), almost no armour, amphibious, 8 rings, camouflage 1,
gelatinous body 1, (nimble swimmer 1), tentacles
a: Begin Untransformation


You were on level 5 of the Dungeon.
You were a hulking beast.
You visited 1 branch of the dungeon, and saw 7 of its levels.

You collected 366 gold pieces.
You spent 30 gold pieces at shops.


Innate Abilities, Weirdness & Mutations

You are a hulking beast.
Your limbs bulge with bestial killing power. (Slay +0)
You cannot wear most types of armour.
You are amphibious.
You can wear up to eight rings at the same time.
Your skin changes colour to match your surroundings (Stealth+).
Your rubbery body absorbs attacks. (AC +1, EV +1)
((You are camouflaged when in or above water. (Stealth+)))
You have tentacles for arms and can constrict up to eight enemies at once.


   Skills:
 - Level 5.0 Fighting
 - Level 2.0 Short Blades
 - Level 2.0 Throwing
 - Level 1.0 Dodging
 - Level 5.3 Stealth
 - Level 5.0 Unarmed Combat
 - Level 1.0 Spellcasting
 + Level 3.5 Ice Magic
 + Level 1.4 Shapeshifting


You had 5 spell levels left.
You knew the following spells:

 Your Spells              Type           Power      Damage    Failure   Level
f - Frozen Ramparts       Ice            30%        1d5       12%         3

Your spell library contained the following spells:

 Spells                   Type           Power      Damage    Failure   Level
 Freeze                   Ice            60%        1d7       3%          1
 Hailstorm                Conj/Ice       8%         3d5       24%         3
 Summon Lightning Spire   Summ/Air       1%         N/A       85%         4
 Lee's Rapid Deconstruct  Erth           0%         3d4*      99%         5
 Animate Armour           Summ/Erth      Unusable   N/A       N/A         4

Inventory:

Hand Weapons
 a - a +2 dagger
Missiles
 b - 28 poisoned darts (quivered)
 c - 3 curare-tipped darts {=f}
 q - a throwing net {=f}
Magical Staves
 o - a staff of air {!a}
Jewellery
 n - an amulet of guardian spirit (around mantle)
 I - a +6 ring of intelligence (right tentacle)
 W - a ring of willpower (left tentacle)
Talismans
 h - a granite talisman
 t - a beast talisman (active)
Wands
 w - a wand of polymorph (7)
 x - a wand of light (3)
Scrolls
 d - 6 scrolls of identify {unknown}
 f - 3 scrolls of immolation {unknown}
 k - 2 scrolls of enchant armour {unknown}
 m - a scroll of brand weapon {unknown}
 p - a scroll of acquirement {unknown}
 r - a scroll of fear {unknown}
 s - a scroll of blinking {unknown}
 u - a scroll of fog {unknown}
 v - a scroll of teleportation {unknown}
Potions
 e - 7 potions of curing {@q1}
 g - 2 potions of heal wounds {unknown}
 i - a potion of degeneration {unknown}
 j - 2 potions of lignification
 l - 3 potions of magic {unknown}

Dungeon Overview and Level Annotations

Branches:
Dungeon (7/15)             Temple (0/1) D:5

Altars:
Ashenzari
Hepliaklqana

Shops:
D:4 !

Annotations:
D:7 exclusions: manticore, orc, orc priest, orc wizard, sky beast and 2 wights

##.................#
#...........#.###.#
##..####.#####.# #.# ....# #.#
#.# #.##### #c #.### #.#
#.###..... .. .>. #.# #.#
#.#....##........ #.# #.#
#.........# .....
#.######.#######c#.#####>.....
#.#...........##h#.r..c.......
#...............<#..####...>.:
#.....#####.#.####..# !....
#.....#####.........# .#..
.........####.#####.# # .
#.....##....).......# #.....#
####.####### ###.### #.# #..
..#


You could see a centaur.


Message History

The centaur hits you.
* * * LOW HITPOINT WARNING * * *
The centaur completely misses you.
You tentacle-slap the centaur but do no damage.
The centaur hits you.
* * * LOW HITPOINT WARNING * * *
The centaur kicks you.
* * * LOW HITPOINT WARNING * * *
The centaur hits you.
* * * LOW HITPOINT WARNING * * *
The centaur kicks you.
* * * LOW HITPOINT WARNING * * *
You tentacle-slap the centaur.
The centaur is moderately wounded.
The centaur hits you.
* * * LOW HITPOINT WARNING * * *
The centaur closely misses you.
You barely miss the centaur.
The centaur is moderately wounded.
The centaur hits you.
* * * LOW HITPOINT WARNING * * *
The centaur kicks you.
* * * LOW HITPOINT WARNING * * *
Unknown command.
You tentacle-slap the centaur but do no damage.
The centaur is moderately wounded.
The centaur hits you.
* * * LOW HITPOINT WARNING * * *
The centaur kicks you.
You die...

Skill      XL: |  1  2  3  4  5  6  7 |
---------------+----------------------+-----
Fighting       | 3 4 5 |  5.0
Unarmed Combat | 1 2 3 5 |  5.0
Ice Magic      | 2 3 |  3.5
Spellcasting   | 1 |  1.0
Shapeshifting  | 1 |  1.4
Short Blades   | |  2.0
Throwing       | |  2.0
Dodging        | |  1.0
Stealth        | |  5.3

Action                     |  1- 3 |  4- 6 |  7- 9 || total
---------------------------+-------+-------+-------++-------
  Melee: Dagger            |    53 |    55 |    35 ||   143
         Constrict         |    11 |    13 |    15 ||    39
         Tentacles         |     8 |    16 |    18 ||    42
         Punch             |     1 |       |     3 ||     4
         Unarmed           |       |       |    29 ||    29
   Cast: Frozen Ramparts   |       |     2 |     4 ||     6
    Use: Potion            |       |       |     1 ||     1
   Stab: Sleeping          |    12 |    11 |     2 ||    25
         Distracted        |       |       |     1 ||     1
 Armour: Skin              |    24 |    24 |    43 ||    91
  Dodge: Dodged            |    15 |    45 |    40 ||   100
   Form: Beast             |       |       |     1 ||     1

Levels and vault maps discovered:
D:1:      minmay_arrival_checkered_box, layout_rooms
D:2:      layout_basic, hellmonk_ecumenical_altar_lost_god,
          serial_bayou_lagoon_a, minmay_tetromino_i2
D:3:      layout_loops_ring, lemuel_round_altar
D:4:      layout_basic, nicolae_ashenzari_skybound, serial_shops,
          nicolae_shop_back_alley_shop, minmay_diced_spiral
D:5:      layout_loops_ring, minmay_temple_entry_statues_pillars, serial_shops,
          shop
D:6:      layout_loops_cross, uniq_menkaure
D:7:      layout_basic, mainiacjoe_overflow_divided_tiny,
          nicolae_figureground_pulse

Notes
Turn   | Place    | Note
-------+----------+-------------------------------------------
     0 | D:1      | Spindown the Octopode Brigand began the quest for the Orb.
     0 | D:1      | Reached XP level 1. HP: 14/14 MP: 1/1
    79 | D:1      | Reached XP level 2. HP: 12/20 MP: 2/2
   188 | D:1      | Reached skill level 3 in Fighting
   432 | D:2      | Reached XP level 3. HP: 26/26 MP: 3/3
   598 | D:2      | Found a faded altar of an unknown god.
   610 | D:2      | Reached skill level 4 in Fighting
   707 | D:2      | Reached XP level 4. HP: 16/33 MP: 4/4
   904 | D:2      | Reached skill level 1 in Unarmed Combat
  1841 | D:3      | Learned a level 3 spell: Frozen Ramparts
  1886 | D:3      | Found a hazy altar of Hepliaklqana.
  2111 | D:4      | You fall into a shaft and drop 3 floors!
  2158 | D:7      | Reached XP level 5. HP: 38/38 MP: 5/5
  2166 | D:7      | Reached skill level 2 in Unarmed Combat
  2166 | D:7      | Reached skill level 1 in Ice Magic
  2174 | D:7      | Identified a +1 robe of resistance
  2218 | D:7      | Noticed a manticore
  2236 | D:7      | Noticed a sky beast
  2362 | D:6      | Noticed a sky beast
  2365 | D:5      | Entered Level 5 of the Dungeon
  2368 | D:5      | Noticed a black bear
  2373 | D:5      | Killed a black bear
  2374 | D:5      | Reached skill level 5 in Fighting
  2374 | D:5      | Reached skill level 2 in Ice Magic
  2374 | D:5      | Reached XP level 6. HP: 45/45 MP: 6/6
  2389 | D:5      | Reached skill level 3 in Unarmed Combat
  2521 | D:5      | Reached skill level 3 in Ice Magic
  2521 | D:5      | Reached XP level 7. HP: 44/50 MP: 3/7
  2586 | D:5      | Reached skill level 4 in Unarmed Combat
  2798 | D:5      | Found a staircase to the Ecumenical Temple.
  3134 | D:4      | Reached skill level 5 in Unarmed Combat
  3239 | D:4      | Found a broken altar of Ashenzari.
  3668 | D:4      | Found Ehits's Distillery.
  3672 | D:4      | Bought a potion of lignification for 30 gold pieces
  3947 | D:5      | Reached skill level 1 in Spellcasting
  3947 | D:5      | Reached skill level 1 in Shapeshifting
  4143 | D:5      | HP: 2/50 [centaur (5)]
  4143 | D:5      | Slain by a centaur

Vanquished Creatures
  A water moccasin (D:5)
  A black bear (D:5)
  4 scorpions (D:5)
  2 howler monkeys
  2 hounds
  7 gnolls
  2 adders (D:2)
  A shadow imp (D:4)
  3 dart slugs
  A ribbon worm (D:2)
  9 orcs
  5 bats
  6 endoplasms
  2 giant cockroaches
  6 goblins
  9 hobgoblins
  2 jackals (D:2)
  4 kobolds
  6 quokkas
  2 ball pythons
  A frilled lizard (D:3)
  2 rats
78 creatures vanquished.

Table legend: (Time is in decaauts)
 A = Elapsed time spent in this place.
 B = Non-inter-level travel time spent in this place.
 C = Inter-level travel time spent in this place.
 D = Time resting spent in this place.
 E = Time spent auto-exploring this place.
 F = Levels seen in this place.
 G = Mean time per level.
                   A        B        C        D        E       F      G
               +--------+--------+--------+--------+--------+-----+--------+
         Total |   4124 |   4033 |     91 |   1022 |   2332 |   7 |  589.1 |
       Dungeon |   4124 |   4033 |     91 |   1022 |   2332 |   7 |  589.1 |
               +--------+--------+--------+--------+--------+-----+--------+

Top non-repeatable levels by time:
     D:4: 1009 daAuts
     D:2: 909 daAuts
     D:5: 819 daAuts
     D:3: 714 daAuts
     D:1: 419 daAuts
     D:7: 237 daAuts
     D:6: 15 daAuts

Table legend:
 A = Non-vault XP
 B = Vault XP
 C = Vault XP percentage of total XP
 D = Non-vault monster count
 E = Vault monster count
 F = Vault count percentage of total count
                 A         B        C        D         E       F
            +---------+---------+-------+---------+---------+-------
      Total |     999 |      60 |   5.7 |      72 |       6 |   7.7
            +---------+---------+-------+---------+---------+-------
        D:1 |      28 |       0 |   0.0 |      13 |       0 |   0.0
        D:2 |     110 |       4 |   3.5 |      25 |       2 |   7.4
        D:3 |       9 |       0 |   0.0 |       5 |       0 |   0.0
        D:4 |      34 |      56 |  62.2 |      11 |       4 |  26.7
        D:5 |     717 |       0 |   0.0 |      16 |       0 |   0.0
        D:7 |     101 |       0 |   0.0 |       2 |       0 |   0.0
            +---------+---------+-------+---------+---------+-------
